 Seeded DCSS version 0.31-a0-4-gefa6de2278 (webtiles) character file.

Game seed: 2122283489254455534 (custom seed)

303 Pimp the Trooper (level 6, -1/76 HPs)
             Began as a Barachi Fighter on May 4, 2023.
             Slain by a gnoll
             ... wielding a +0 flail
             ... led by a gnoll bouda
              (4 damage)
             ... on level 5 of the Dungeon.
             The game lasted 00:06:10 (2439 turns).

Pimp the Trooper (Barachi Fighter)                  Turns: 2439, Time: 00:06:12

Health: -1/76      AC: 11    Str: 24      XL:     6   Next: 38%
Magic:  1/6        EV:  9    Int:  7      God:
Gold:   227        SH:  4    Dex:  7 (10) Spells: 5/5 levels left

rFire   + . .        a - +0 long sword
rCold   . . .        c - +0 buckler
rNeg    . . .        b - +0 scale mail
rPois   .            (helmet restricted)
rElec   .            (no cloak)
rCorr   .            i - +0 pair of gloves {infuse}
SInv    .            l - +2 pair of boots
Will    .....        k - amulet of regeneration Stlth
                     (no ring)
HPRegen 1.12/turn    (no ring)
MPRegen 0.10/turn

%: infuse magic (1 MP)
@: mighty, berserking, studying Polearms, quick
A: amphibious, slowness 1, strong legs 1, +LOS, antennae 1, deterioration 1,
fire resistance 1, strong 1
a: Hop


You were on level 5 of the Dungeon.
You visited 1 branch of the dungeon, and saw 5 of its levels.

You collected 227 gold pieces.

Inventory:

Hand Weapons
 a - a +0 long sword (weapon)
Armour
 b - a +0 scale mail (worn)
 c - a +0 buckler (worn)
 h - a +0 pair of boots
 i - a +0 pair of gloves of infusion (worn)
 l - a +2 pair of boots (worn)
Jewellery
 k - an amulet of regeneration (around neck)
 t - a ring of poison resistance
Scrolls
 e - a scroll of immolation
 q - 3 scrolls of identify
Potions
 d - a potion of might
 g - 2 potions of degeneration
 n - 2 potions of brilliance
 o - a potion of magic
 p - a potion of berserk rage
 r - a potion of flight {unknown}


   Skills:
 + Level 5.2 Fighting
 + Level 4.3 Long Blades
 + Level 5.2 Armour
 + Level 4.7 Shields


You had 5 spell levels left.
You didn't know any spells.
Your spell library contained the following spells:

 Spells                   Type           Power      Damage    Failure   Level
 Scorch                   Fire           0%         2d5       89%         2
 Flame Wave               Conj/Fire      0%         2d4       100%        4
 Summon Cactus Giant      Summ           0%         N/A       100%        6


Dungeon Overview and Level Annotations

Branches:
Dungeon (5/15)
 Temple: D:4-7

Altars:
Fedhas
Uskayaw


Innate Abilities, Weirdness & Mutations

You are amphibious.
You cover ground slowly.
You can hop short distances.
You have an extended range of vision and can be seen from far away.
You have a pair of small antennae on your head.
Your body sometimes deteriorates upon taking damage.
Your flesh is heat resistant. (rF+)
Your muscles are strong. (Str +4, Int/Dex -1)


Message History

You barely miss the gnoll.
The gnoll is moderately wounded.
The gnoll hits you with a +0 flail.
Your body deteriorates!
You feel clumsy.
The gnoll hits you from afar with a +0 spear.
The gnoll hits you with a +0 flail.
Your body deteriorates!
You feel clumsy.
You barely miss the gnoll.
The gnoll is moderately wounded.
The gnoll barely misses you. You block the gnoll's attack.
You closely miss the gnoll.
The gnoll is moderately wounded.
The gnoll is no longer moving quickly.
The gnoll closely misses you. The gnoll hits you with a +0 flail.
You closely miss the gnoll.
The gnoll is moderately wounded.
You block the gnoll's attack. x2
The gnoll hits you from afar with a +0 spear.
You closely miss the gnoll.
The gnoll is moderately wounded.
The gnoll hits you with a +0 flail.
* * * LOW HITPOINT WARNING * * *
The gnoll barely misses you. The gnoll hits you with a +0 flail!
* * * LOW HITPOINT WARNING * * *
Your body deteriorates!
You feel clumsy.
You feel very mighty all of a sudden.
The gnoll hits you but does no damage. x2
You barely miss the gnoll.
The gnoll is moderately wounded.
The gnoll is no longer moving quickly.
The gnoll hits you from afar with a +0 spear.
* * * LOW HITPOINT WARNING * * *
The gnoll hits you but does no damage.
It was a potion of berserk rage.
A red film seems to cover your vision as you go berserk!
You feel yourself moving faster!
You feel mighty!
The gnoll hits you from afar with a +0 spear.
* * * LOW HITPOINT WARNING * * *
The gnoll hits you with a +0 flail.
You die...

....................
.........##.#.#.#.###.
......................
........###...........
.........##.#†#+#+###
.........##.#.......#
.........+..g.......#
.........##g#.......#
.........##@#.......#
.........##.#.......#
.........'..#.......#
..)......####.......#
.........# #.........
.........# #.......###
.........# #.!.....#
.........# ##......#
.#########


You could see 2 gnolls.

Vanquished Creatures
  A scorpion (D:5)
  A gnoll bouda (D:5)
  A jelly (D:4)
  A hound (D:5)
  2 gnolls (D:4)
  7 adders
  3 worms
  2 orcs (D:3)
  5 endoplasms
  3 giant cockroaches
  4 goblins
  5 hobgoblins
  5 jackals
  6 quokkas
  7 ball pythons
  5 bats
  3 frilled lizards
  2 kobolds (D:1)
  6 rats
69 creatures vanquished.

Vanquished Creatures (others)
  A plant (D:2)
1 creature vanquished.

Grand Total: 70 creatures vanquished

Notes
Turn   | Place    | Note
-------+----------+-------------------------------------------
     0 | D:1      | Pimp the Barachi Fighter began the quest for the Orb.
     0 | D:1      | Reached XP level 1. HP: 18/18 MP: 1/1
   141 | D:1      | Reached XP level 2. HP: 22/25 MP: 2/2
   667 | D:1      | Reached XP level 3. HP: 26/30 MP: 3/3
  1119 | D:2      | Reached XP level 4. HP: 37/37 MP: 4/4
  1631 | D:3      | Found a blossoming altar of Fedhas.
  1631 | D:3      | Found a hide-covered altar of Uskayaw.
  1828 | D:3      | Identified 2 scrolls of acquirement
  1828 | D:3      | Acquired a manual of Polearms
  1829 | D:3      | Acquired a +0 pair of gloves of infusion
  2000 | D:4      | Reached XP level 5. HP: 33/43 MP: 1/5
  2284 | D:5      | Entered Level 5 of the Dungeon
  2297 | D:5      | Gained mutation: You have a pair of small antennae on your
                  | head. [potion of mutation]
  2297 | D:5      | Gained mutation: Your flesh is heat resistant. (rF+)
                  | [potion of mutation]
  2297 | D:5      | Gained mutation: Your body sometimes deteriorates upon
                  | taking damage. [potion of mutation]
  2297 | D:5      | Gained mutation: Your muscles are strong. (Str +4, Int/Dex
                  | -1) [potion of mutation]
  2331 | D:5      | Reached skill level 5 in Armour
  2404 | D:5      | Reached skill level 5 in Fighting
  2404 | D:5      | Reached XP level 6. HP: 51/51 MP: 2/6
  2439 | D:5      | HP: 3/76 [gnoll/+0 spear[a gnoll bouda] (5)]
  2439 | D:5      | Slain by a gnoll

Illustrated notes

Levels and vault maps discovered:
D:1:      denvon_arrival_waterhouse, layout_basic
D:2:      layout_rooms, serial_forest, infiniplex_forest_clump_double,
          infiniplex_forest_straight_4, infiniplex_forest_zigzag_1,
          infiniplex_forest_lined_2, infiniplex_forest_zigzag_1,
          infiniplex_forest_straight_3, minmay_circle_x
D:3:      layout_rooms, gammafunk_temple_overflow_wave, kennysheep_another_room
D:4:      layout_gridville, minmay_shop_damaged
D:5:      layout_basic, nicolae_overflow_crystal_walls, uniq_menkaure

Skill      XL: |  1  2  3  4  5 |
---------------+----------------+-----
Armour         | 4 5 |  5.2
Fighting       | 4 5 |  5.2
Long Blades    | 3 4 |  4.3
Shields        | 4 |  4.7

Action                     |  1- 3 |  4- 6 || total
---------------------------+-------+-------++-------
  Melee: Long sword        |   119 |   185 ||   304
    Use: Scroll            |       |    12 ||    12
         Potion            |       |     4 ||     4
 Armour: Scale mail        |    82 |   116 ||   198
  Dodge: Dodged            |    78 |   133 ||   211
  Block: Buckler           |    38 |    48 ||    86

Table legend: (Time is in decaauts)
 A = Elapsed time spent in this place.
 B = Non-inter-level travel time spent in this place.
 C = Inter-level travel time spent in this place.
 D = Time resting spent in this place.
 E = Time spent auto-exploring this place.
 F = Levels seen in this place.
 G = Mean time per level.
                   A        B        C        D        E       F      G
               +--------+--------+--------+--------+--------+-----+--------+
         Total |   2868 |   2754 |    114 |    140 |   1702 |   5 |  573.6 |
       Dungeon |   2868 |   2754 |    114 |    140 |   1702 |   5 |  573.6 |
               +--------+--------+--------+--------+--------+-----+--------+

Top non-repeatable levels by time:
     D:1: 943 daAuts
     D:2: 698 daAuts
     D:3: 566 daAuts
     D:4: 484 daAuts
     D:5: 176 daAuts
